 Dungeon Crawl Stone Soup version 0.14-a0-3376-gf173aa4 (webtiles) character file.

879 Psiweapon the Cudgeler (level 7, -5/52 HPs)
             Began as a Mummy Fighter on Mar 20, 2014.
             Slain by an orc wizard
             ... wielding a +1,+0 dagger of electrocution
              (23 damage)
             ... on Level 6 of the Dungeon.
             The game lasted 00:21:26 (4180 turns).

Psiweapon the Cudgeler (Mummy Fighter)              Turns: 4180, Time: 00:21:27

HP  -5/52        AC 11     Str 21      XL: 7   Next: 38%
MP   7/7         EV  4     Int  7      God:
Gold 177         SH 18     Dex 11      Spells:  0 memorised,  6 levels left

rFire  x . .     SeeInvis .     a - +0 flail
rCold  + . .     Clarity  .     w - +0 chain mail (curse)
rNeg   + + +     Conserve .     c - +0 shield
rPois  +         rCorr    .     f - +0 helmet
rElec  .         rRot     +     o - +0 cloak
SustAb . .       Spirit   .     (no gloves)
rMut   .         Warding  .     (no boots)
Saprov . . .     Stasis   .     g - amulet of rage
MR     .....                    (no ring)
                                (no ring)

@: not resistant to hostile enchantments, extremely unstealthy
A: no food or potions, fire vulnerability, restore body, cold resistance 1, life
protection 3, poison resistance, torment resistance, unbreathing
a: no special abilities


You were on level 6 of the Dungeon.
You were not hungry.

You visited 1 branch of the dungeon, and saw 6 of its levels.

You collected 177 gold pieces.

Inventory:

Hand weapons
 a - a +0,+0 flail (weapon)
Missiles
 j - 13 silver darts (quivered)
 m - 17 darts
 p - 18 poisoned needles
 r - 2 tomahawks
 s - 21 sling bullets
 t - 4 bolts of frost
Armour
 b - a +0 scale mail
 c - a +0 shield (worn)
 f - a +0 helmet (worn)
 o - a +0 cloak (worn)
 w - a cursed +0 chain mail (worn)
Scrolls
 d - 2 scrolls of teleportation {unknown}
 e - 5 scrolls of remove curse {unknown}
 h - 4 scrolls of identify {unknown}
 i - 2 scrolls of enchant armour {unknown}
 k - a scroll of fear {unknown}
 l - a scroll of recharging {unknown}
 n - a scroll of noise {unknown}
 q - a scroll of enchant weapon I {unknown}
 u - a scroll of magic mapping {unknown}
 v - a scroll of blinking {unknown}
Jewellery
 g - an amulet of rage (around neck)


   Skills:
 - Level 3.1 Fighting
 + Level 7.0 Maces & Flails
 - Level 2.4 Armour
 - Level 2.4 Shields


You had 6 spell levels left.
You didn't know any spells.

Dungeon Overview and Level Annotations

Branches:
Dungeon (6/15)
 Temple: D:4-7

Altars:
Kikubaaqudgha

Shops:
D:4 *

Annotations:
D:4 Marwa's ghost, average TrBe


Innate Abilities, Weirdness & Mutations

You do not eat or drink.
Your flesh is vulnerable to fire.
Your flesh is cold resistant.
You are immune to negative energy.
Your system is resistant to poisons.
You are immune to unholy pain and torment.
You can survive without breathing.


Message History

The orc wizard is almost dead.
The orc wizard gestures wildly while chanting.
The orc wizard blinks!
You block the kobold's attack.
The orc wizard hits you but does no damage.
You hit the orc wizard.
The orc wizard is moderately wounded.
The kobold hits you but does no damage. The orc wizard casts a spell at you.
The puff of flame hits you!
The orc wizard gestures at you while chanting.
The magic dart hits you!
The orc wizard hits you but does no damage.
You are electrocuted!
Your chain mail prevents you from hitting the orc wizard.
The orc wizard is almost dead.
The orc wizard hits you but does no damage.
The kobold hits you but does no damage.
The orc wizard hits you but does no damage. x2
You are electrocuted!
You die...

##### #.<.# #...#
###...# ###...o##
#.....@###
#.....Ko.#
#........# #. .
##.......###.....
#.....<...o.K...
##..............
##.....<........
#.....%.........
#..........###..


You could see 2 orc wizards and a kobold.

Vanquished Creatures
  An ogre (D:4)
  An ice beast (D:5)
  A giant frog (D:5)
  A scorpion (D:4)
  A black bear zombie (D:6)
  3 orc wizards
  A hound (D:5)
  5 worker ants
  Jessica (D:3)
  6 adders
  A giant mite (D:2)
  A worm (D:3)
  An adder skeleton (D:4)
  4 giant geckos
  11 orcs
  A bat skeleton (D:5)
  6 hobgoblins
  12 kobolds
  3 quokkas
  A ball python (D:5)
  5 bats
  A giant cockroach (D:3)
  4 giant newts
  8 goblins
  7 jackals
  11 rats
  3 rat skeletons
101 creatures vanquished.

Notes
Turn   | Place    | Note
--------------------------------------------------------------
     0 | D:1      | Psiweapon, the Mummy Fighter, began the quest for the Orb.
     0 | D:1      | Reached XP level 1. HP: 18/18 MP: 1/1
   230 | D:1      | Reached XP level 2. HP: 22/24 MP: 2/2
   987 | D:2      | Reached XP level 3. HP: 22/29 MP: 3/3
  1654 | D:2      | Reached XP level 4. HP: 32/35 MP: 4/4
  1716 | D:3      | Noticed Jessica
  1756 | D:3      | Killed Jessica
  1896 | D:3      | Reached skill level 4 in Maces & Flails
  2148 | D:3      | Reached XP level 5. HP: 41/41 MP: 5/5
  2413 | D:4      | Found Acaak's Assorted Antiques.
  2707 | D:4      | Noticed an ogre
  2715 | D:4      | Killed an ogre
  2715 | D:4      | Reached skill level 5 in Maces & Flails
  2715 | D:4      | Reached XP level 6. HP: 16/47 MP: 6/6
  3004 | D:5      | Entered Level 5 of the Dungeon
  3424 | D:5      | Found an ancient bone altar of Kikubaaqudgha.
  3551 | D:5      | Reached skill level 6 in Maces & Flails
  3871 | D:4      | Reached XP level 7. HP: 45/52 MP: 7/7
  3965 | D:4      | Noticed Marwa's ghost (average TrBe)
  4133 | D:5      | Reached skill level 7 in Maces & Flails
  4180 | D:6      | Slain by an orc wizard

Action                   |  1- 3 |  4- 6 |  7- 9 || total
-------------------------+-------+-------+-------++-------
Melee: Flail             |   158 |   206 |    59 ||   423
Throw: Dart              |       |    20 |       ||    20
